 Dungeon Crawl Stone Soup version 0.29-a0-23-ga79f92ac9c (webtiles) character file.

Game seed: 9910091665580195839

1085 enile the Fighter (level 8, -8/66 HPs)
             Began as a Minotaur Wanderer on Jan 30, 2022.
             Was a Priest of Hepliaklqana.
             Shot with an arrow by a centaur (13 damage)
             ... on level 5 of the Dungeon.
             The game lasted 00:11:14 (4015 turns).

enile the Fighter (Minotaur Wanderer)               Turns: 4015, Time: 00:11:15

Health: -8/66      AC: 14    Str: 16    XL:     8   Next: 9%
Magic:  8/10       EV:  6    Int:  7    God:    Hepliaklqana [***...]
Gold:   181        SH:  5    Dex: 15    Spells: 8/9 levels left

rFire   . . .      SeeInvis .   a - +2 falchion (chaos)
rCold   . . .      Faith    .   b - +0 buckler
rNeg    . . .      Spirit   .   C - +1 chain mail
rPois   .          Reflect  .   (helmet restricted)
rElec   .          Harm     .   h - +2 cloak
rCorr   .          Rampage  .   (no gloves)
Will    .....                   (no boots)
Stlth   ..........              (no amulet)
HPRegen 0.21/turn               (no ring)
MPRegen 0.12/turn               (no ring)

@: no status effects
A: reduced essence, horns 2, retaliatory headbutt
a: Renounce Religion, Recall Ancestor, Ancestor Identity, Transference


You were on level 5 of the Dungeon.
You worshipped Hepliaklqana.
Hepliaklqana was most pleased with you.
You visited 1 branch of the dungeon, and saw 5 of its levels.

You collected 181 gold pieces.

Inventory:

Hand Weapons
 a - a +2 falchion of chaos (weapon)
 w - a +0 vorpal hand axe
Missiles
 c - 191 stones
 x - 6 poisoned darts
 y - 4 boomerangs
Armour
 b - a +0 buckler (worn)
 d - a +0 leather armour
 h - a +2 cloak (worn)
 t - a +0 scale mail
 C - a +1 chain mail (worn)
Wands
 r - a wand of flame (24)
 D - a wand of polymorph (11) (quivered)
 E - a wand of iceblast (8)
Scrolls
 e - 2 scrolls of identify
 f - 2 scrolls of noise
 g - a scroll of magic mapping {unknown}
 l - a scroll of holy word {unknown}
 n - 3 scrolls of teleportation
 p - 3 scrolls of amnesia {unknown}
 s - a scroll of enchant armour
Potions
 i - a potion of brilliance {unknown}
 j - a potion of mutation {unknown}
 k - 2 potions of haste
 o - a potion of invisibility {unknown}
 q - 4 potions of heal wounds {unknown}
 z - a potion of magic {unknown}
 A - a potion of degeneration {unknown}
 B - a potion of might {unknown}


   Skills:
 - Level 8.0 Fighting
 - Level 4.0 Long Blades
 - Level 5.0 Armour
 - Level 1.0 Stealth
 + Level 3.7 Shields
 - Level 1.0 Spellcasting
 - Level 1.5 Earth Magic
 - Level 4.0 Invocations


You had 8 spell levels left.
You knew the following spells:

 Your Spells              Type           Power      Damage    Failure   Level
a - Sandblast             Erth           4%         2d4       99%         1

Your spell library contained the following spells:

 Spells                   Type           Power      Damage    Failure   Level
 Animate Skeleton         Necr           0%         N/A       100%        1
 Apportation              Tloc           0%         N/A       100%        1
 Summon Small Mammal      Summ           0%         N/A       100%        1
 Stone Arrow              Conj/Erth      2%         3d7       100%        3


Dungeon Overview and Level Annotations

Branches:
Dungeon (5/15)             Temple (0/1) D:5

Altars:
Hepliaklqana

Shops:
D:2 *   D:3 *


Innate Abilities, Weirdness & Mutations

Your life essence is reduced to manifest your ancestor. (-10% HP)
You have a pair of horns on your head.
You reflexively headbutt those who attack you in melee.


Message History

Your Fighting skill increases to level 8!
You need to enable at least one skill for training.
Training target 4.0 for Long Blades reached!
Your Long Blades skill increases to level 4!
You need to enable at least one skill for training.
You have reached level 7!
You have reached level 8!
You feel agile.
A centaur is nearby!
The centaur shouts!
The centaur shoots an arrow.
The arrow hits you!
* * * LOW HITPOINT WARNING * * *
The centaur shoots an arrow.
The arrow hits you but does no damage.
Okay, then.
Aiming: Polymorph
Press: ? - help, Q - select action, (/) - cycle Shift-Dir - straight line, f - centaur
Aim: a centaur, wielding a +0 shortbow and quivering arrows (inner flame, will become a tengu, an unseen horror, or a worm, chance to affect: 49%)
Okay, then.
Press: ? - help, v - describe, . - travel
Here: a centaur, wielding a +0 shortbow and quivering arrows (inner flame)
The floor.
It was a potion of curing.
You feel better.
The centaur shoots an arrow.
You block the arrow.
The centaur shoots an arrow.
The arrow closely misses you.
The centaur shoots an arrow.
The arrow hits you.
* * * LOW HITPOINT WARNING * * *
Okay, then.
Okay, then.
Okay, then.
As you read the scroll labelled ATOFUCLOSEX, it crumbles to dust.
It is a scroll of enchant armour.
Your +0 chain mail glows green for a moment.
The centaur shoots an arrow.
The arrow hits you!
* * * LOW HITPOINT WARNING * * *
As you read the scroll labelled YSSAWN USHETH, it crumbles to dust.
It is a scroll of brand weapon.
Your +2 falchion erupts in a glittering mayhem of colour.
a - a +2 falchion of chaos (weapon)
The centaur shoots an arrow.
The arrow hits you!
You die...

.........#.......#.....###.....#
................####...##....###
......##........# #....#...#..#
.......#.......c# #...........##
.................#..##.........#
#...#..........................##
....##..........#.#......#...##..
..#..#..........#.##...##.....#..
..#..#..........@..##.###..#.....
..#..#............###..#.#[###.##
............##.○..# ........##..#
......#.....##)#### .... #....
.....##........#.#... ..##...#
......#..##.......... .......##
.........#####.....## ....#....
..........## #.c...# .........
.......##..### ....## .........


You could see a centaur (inner flame).

Vanquished Creatures
  A two-headed ogre (D:5)
  A bullfrog zombie (D:5)
  2 hounds (D:4)
  A centaur skeleton (D:4)
  2 hound skeletons (D:4)
  5 adders
  An ufetubus (D:4)
  2 worms (D:2)
  4 dart slugs
  5 orcs
  8 ball pythons
  4 endoplasms
  4 giant cockroaches
  10 goblins
  6 hobgoblins
  3 jackals (D:3)
  3 quokkas
  4 bats
  4 frilled lizards
  6 kobolds
  5 rats
81 creatures vanquished.

Vanquished Creatures (collateral kills)
  An ogre (D:4)
  A kobold brigand (D:4)
  Jessica (D:2)
  An orc wizard (D:3)
  A howler monkey skeleton (D:5)
  A worm (D:3)
  An orc (D:3)
7 creatures vanquished.

Vanquished Creatures (others)
  A knight (D:5)
1 creature vanquished.

Grand Total: 89 creatures vanquished

Notes
Turn   | Place    | Note
-------+----------+-------------------------------------------
     0 | D:1      | enile the Minotaur Wanderer began the quest for the Orb.
     0 | D:1      | enile set off with the following items: a +2 falchion, a +0
                  | buckler, 23 stones, a +0 leather armour; and the following
                  | spell memorised: Sandblast; and the following spells
                  | available to memorise: Stone Arrow
     0 | D:1      | Reached XP level 1. HP: 16/16 MP: 1/1
   143 | D:1      | Reached skill level 2 in Fighting
   259 | D:1      | Reached XP level 2. HP: 25/25 MP: 2/2
   298 | D:1      | Reached skill level 3 in Fighting
   573 | D:1      | Reached XP level 3. HP: 33/33 MP: 3/3
   602 | D:1      | Found a faded altar of an unknown god.
   613 | D:1      | Prayed at the altar of an unknown god.
   613 | D:1      | Became a worshipper of Hepliaklqana the Forgotten
   613 | D:1      | Reached * piety under Hepliaklqana
   908 | D:2      | Reached skill level 4 in Fighting
  1135 | D:2      | Reached skill level 1 in Invocations
  1331 | D:2      | Reached ** piety under Hepliaklqana
  1338 | D:2      | Remembered your ancestor Amurritum as a knight
  1384 | D:2      | Noticed Jessica
  1389 | D:2      | Killed Jessica
  1390 | D:2      | Reached XP level 4. HP: 29/36 MP: 4/4
  1525 | D:2      | Found Ikkocot's General Store.
  1951 | D:3      | Found Xowofaruamp's General Store.
  2149 | D:3      | Reached XP level 5. HP: 29/41 MP: 6/6
  2862 | D:4      | Reached *** piety under Hepliaklqana
  3034 | D:4      | Reached XP level 6. HP: 44/46 MP: 7/7
  3364 | D:4      | Reached skill level 5 in Armour
  3575 | D:4      | Reached skill level 5 in Fighting
  3702 | D:5      | Entered Level 5 of the Dungeon
  3888 | D:5      | Found a staircase to the Ecumenical Temple.
  3990 | D:5      | Noticed a two-headed ogre
  4000 | D:5      | Killed a two-headed ogre
  4001 | D:5      | Reached skill level 6 in Fighting
  4001 | D:5      | Reached skill level 7 in Fighting
  4001 | D:5      | Reached skill level 8 in Fighting
  4001 | D:5      | Reached XP level 7. HP: 19/61 MP: 7/9
  4001 | D:5      | Reached XP level 8. HP: 21/66 MP: 7/10
  4015 | D:5      | Shot with an arrow by a centaur

Illustrated notes

Levels and vault maps discovered:
D:1:      dpeg_arrival_fog, layout_loops_ring,
          shapermc_ecumenical_altar_totnotflames, minmay_pentomino_v4
D:2:      layout_loops_ring, serial_shops, nicolae_lakefront_shop, uniq_jessica
D:3:      layout_loops_ring, serial_shops, shop
D:4:      layout_loops_cross
D:5:      layout_cave_pools, minmay_temple_entry_wispy, minivault_4,
          chequers_decorated_corner

Skill      XL: |  1  2  3  4  5  6 |
---------------+-------------------+-----
Fighting       | 2 3 4 8 |  8.0
Invocations    | 2 3 4 |  4.0
Armour         | 2 3 5 |  5.0
Shields        | 3 |  3.7
Long Blades    | 4 |  4.0
Stealth        | |  1.0
Spellcasting   | |  1.0
Earth Magic    | |  1.5

Action                   |  1- 3 |  4- 6 |  7- 9 || total
-------------------------+-------+-------+-------++-------
Melee: Falchion          |    88 |   102 |       ||   190
       Headbutt          |    13 |    17 |       ||    30
Invok: Ancestor Life: Kn |     1 |       |       ||     1
  Use: Scroll            |     1 |     3 |     2 ||     6
       Potion            |       |       |     1 ||     1
 Stab: Sleeping          |     2 |     2 |       ||     4
Armor: Leather armour    |    25 |    12 |       ||    37
       Scale mail        |       |    40 |       ||    40
       Chain mail        |       |     3 |     1 ||     4
Dodge: Dodged            |    49 |    46 |     1 ||    96
Block: Buckler           |    17 |    26 |     1 ||    44

Table legend: (Time is in decaauts)
 A = Elapsed time spent in this place.
 B = Non-inter-level travel time spent in this place.
 C = Inter-level travel time spent in this place.
 D = Time resting spent in this place.
 E = Time spent auto-exploring this place.
 F = Levels seen in this place.
 G = Mean time per level.
                   A        B        C        D        E       F      G
               +--------+--------+--------+--------+--------+-----+--------+
         Total |   4045 |   3866 |    179 |      0 |   3253 |   5 |  809.0 |
       Dungeon |   4045 |   3866 |    179 |      0 |   3253 |   5 |  809.0 |
               +--------+--------+--------+--------+--------+-----+--------+

Top non-repeatable levels by time:
     D:4: 1034 daAuts
     D:1: 910 daAuts
     D:3: 901 daAuts
     D:2: 885 daAuts
     D:5: 313 daAuts
